Merl, neutral female human Valkyrie --- --- --- ----- --..| --.-- |..--- |...| |....-- |...-- ----....---- |...--- |.....--- - --- |.....---..........| ---...| ----.[[.-- -.---.----.......).[...--..-- ------.| ---- ---- |......|.......--............---|..| ---- |..--|.|--..| |..| ----.......).............--..-- --- |..------....|.||...| |..-- |.........--.........----..--- |.....*[.......--.--- --...| ---.........|---.......| |....| --...)--..........| ----- ----....| --....[.J....| --.....-- -...-- ---.----|...|....--- |...| |.....--- |)[.d..@.....------....<%| -...----.%.| ---.|....| |...| --.....| ----..)..[.........|........| .....|..--- |......| --...---......---.|................|.--...--- .......| --....-- |.....^..............................|--..| -.....-- --....| --......... -----....--..............| --- --....| |.....--- --.......- --...............--...| --- ---.---- --.|....-- |.......------...............-------------.-- |...| - --...| ---........................................)----.--- |...| |..-------...--.--------..--------------.......| ---- ---- --.----- --- --------- - Merl the Fighter Experience level: 8 Strength: 18 Dexterity: 12 Constitution: 18 Intelligence: 8 Wisdom: 11 Charisma: 10 Health: 0(89) Energy: 26(26) Def: 11 Gold: 176 Moves: 5768 Dungeon seed: xkpV5zyKjM5ElNwq Game ID: Merl_1525170212 Your Inventory: Coins $ - 176 gold pieces Weapons a - a greased +1 long sword (weapon in hand) b - a +0 dagger (in quiver) Armor e - an uncursed greased +3 small shield (being worn) n - a cursed -1 dwarvish mithril-coat (being worn) q - an uncursed greased +0 pair of speed boots (being worn) r - a blessed +0 orcish helm (being worn) y - an uncursed +0 dwarvish cloak (being worn) Comestibles c - 3 uncursed food rations m - an uncursed lembas wafer Scrolls t - an uncursed scroll of teleportation Wands f - a wand of teleportation (0:4) k - a wand of magic missile (0:0) p - a wand of slow monster (0:6) N - a wand of create monster (0:13) Tools h - an uncursed tin whistle o - an uncursed magic lamp (lit) s - a +0 pick-axe D - an uncursed sack R - a can of grease (0:4) T - a magic marker (0:42) Gems z - an uncursed luckstone named luckstone Contents of the sack: an uncursed scroll of confuse monster an uncursed scroll of gold detection 2 uncursed scrolls of identify a cursed scroll of light an uncursed scroll of magic mapping an uncursed scroll of teleportation an uncursed potion of confusion an uncursed potion of fruit juice an uncursed potion of gain ability a cursed potion of gain ability 2 cursed potions of gain energy an uncursed potion of hallucination an uncursed potion of healing a cursed potion of healing an uncursed potion of monster detection an uncursed potion of see invisible an uncursed potion of water Spells and supernatural/magical abilities: Name Level Category Fail Memory W - pray for help -- divine ? -- Your skills at the end: Fighting Skills Weapon Skills dagger [Basic] long sword [Expert] Spellcasting Skills Final Attributes: You were piously aligned. You were cold resistant. You were telepathic. You were stealthy. You were very fast. You were lucky. You had extra luck. Bad luck did not time out for you. Good luck did not time out for you. You are dead. Vanquished creatures: an Aleax a large dog an orc-captain a giant spider 2 gnome kings 2 orc mummies a dwarf mummy 2 dwarf lords a raven 3 human zombies a water nymph 7 Mordor orcs 7 Uruk-hai an orc shaman 2 shriekers 18 gnome lords 4 gnomish wizards a black naga hatchling a barrow wight a floating eye a kitten 13 dwarves a homunculus a kobold shaman a giant bat a monkey 6 orc zombies a werejackal 3 iguanas a killer bee an acid blob a coyote 2 gas spores 5 hobbits 3 manes 2 hobgoblins a cave spider a yellow mold 54 gnomes 4 garter snakes 5 geckos 8 jackals 2 foxes a kobold 2 goblins 4 sewer rats 8 grid bugs a bat 5 lichens a kobold zombie 4 newts 202 creatures vanquished. Voluntary challenges: You had been an atheist until turn 3552. You used a wielded weapon 304 times, starting on turn 20. You read items or engraved 1 time, starting on turn 4205. You never genocided any monsters. You never polymorphed an object. You never changed form. You used no wishes. You never split a pudding. You never wrote Elbereth's name. You violated your moral code, losing 21 points of alignment, starting on turn 2039. Dungeon overview: The Dungeons of Doom: levels 1 to 5 Level 1 an altar to Tyr, a fountain a long staircase Level 2 an armor shop, some fountains Level 3 an armor shop Level 4 a fountain stairs to The Gnomish Mines Level 5 some fountains The Gnomish Mines: levels 5 to 12 Level 5 stairs to The Dungeons of Doom Level 6 Level 7 Level 8 some shops, a temple to Tyr, some fountains, a sink Level 9 Level 10 Level 11 <- You were here Level 12 History has recorded: On T:1 you entered the Dungeons of Doom to retrieve the Amulet of Yendor! On T:406 you reached level 2 of The Dungeons of Doom. On T:575 you advanced to experience level 2. On T:814 you reached level 3 of The Dungeons of Doom. On T:877 you reached level 4 of The Dungeons of Doom. On T:1403 you reached level 1 of The Gnomish Mines. On T:1536 you advanced to experience level 3. On T:1651 you reached level 5 of The Dungeons of Doom. On T:2045 you advanced to experience level 4. On T:2445 you advanced to experience level 5. On T:2471 you reached level 2 of The Gnomish Mines. On T:2870 you advanced to experience level 6. On T:3069 you reached level 3 of The Gnomish Mines. On T:3367 you reached level 4 of The Gnomish Mines. On T:3412 you reached level 5 of The Gnomish Mines. On T:3583 you advanced to experience level 7. On T:3975 you reached level 6 of The Gnomish Mines. On T:4127 you reached level 7 of The Gnomish Mines. On T:4303 you advanced to experience level 8. On T:4493 you reached level 8 of The Gnomish Mines. Score breakdown: Gold: 176 ( 7646 points) Experience: 8 levels (14739 points) Exploration: 12 levels ( 25.00%) (14513 points) Discoveries: 12 items ( 4.88%) ( 6625 points) Valuables value: (no points given unless you survive) Artifact value: 0 ( 0 points) Variety of kills: 51 monsters ( 13.39%) (10975 points) Turncount: 5768 turns (-1565 points) Survival: died (score multiplied by 80%) Total score: 42346 Latest messages: Splash! You hit the barrow wight! The cobra spits venom! You are almost hit by a splash of venom. Splash! You destroy the barrow wight! The cobra spits venom! You are hit by a splash of venom. The venom blinds you. Splash! Use the command #wipe to clean your face. You try to feel what is lying here on the floor. You feel here 4 candles. You can see again. There is a staircase down here. There are a few objects here. You hear some noises in the distance. The large dog drops an uncursed expensive camera. You hit the jabberwock! (2x) The jabberwock bites! (2x) The jabberwock hits! (2x) You die... Final status: Farvel Merl the Valkyrie, killed by a jabberwock... You died in The Gnomish Mines on dungeon level 11 with 42346 points, and 176 pieces of gold, after 5768 moves. You were level 8 with a maximum of 89 hit points when you died.